 Dungeon Crawl Stone Soup version 0.24-a0-373-g39439d866b (webtiles) character file.

Game seed: 6143318724983644853

110 MrOobling the Vexing (level 4, 0/21 HPs)
             Began as a Spriggan Enchanter on May 30, 2019.
             Slain by a big kobold (3 damage)
             ... in a sewer.
             The game lasted 00:15:21 (3383 turns).

MrOobling the Vexing (Spriggan Enchanter)           Turns: 3383, Time: 00:15:22

Health: 0/21       AC:  4    Str:  4    XL:     4   Next: 61%
Magic:  7/12       EV: 18    Int: 17    God:
Gold:   160        SH:  0    Dex: 16    Spells: 10/13 levels left

rFire    . . .     SeeInvis +   a - +2 dagger
rCold    . . .     Gourm    .   (shield restricted)
rNeg     . . .     Faith    .   b - +1 robe
rPois    .         Spirit   .   (helmet restricted)
rElec    .         Reflect  .   c - +0 cloak
rCorr    .         Harm     .   (gloves unavailable)
MR       .....                  (boots unavailable)
Stlth    +++.......             (no amulet)
HPRegen  0.07/turn              (no ring)
MPRegen  0.13/turn              (no ring)

@: very quick
A: very small, unfitting armour, see invisible, herbivore, speed 3, slow
metabolism 2
a: no special abilities


You were in a sewer.
You were not hungry.

You visited 1 branch of the dungeon, and saw 3 of its levels.
You also visited: Sewer.

You collected 160 gold pieces.

Inventory:

Hand Weapons
 a - a +2 dagger (weapon)
Missiles
 g - 14 poisoned darts (quivered)
Armour
 b - a +1 robe (worn)
 c - a +0 cloak (worn)
Jewellery
 k - an uncursed amulet of guardian spirit {unknown}
 l - an uncursed ring of magical power {unknown}
 q - an uncursed ring of protection from fire {unknown}
 t - a +4 ring of evasion {unknown}
Scrolls
 n - a scroll of identify {unknown}
Potions
 e - a potion of magic {unknown}
 f - 3 potions of heal wounds {unknown}
 h - a potion of resistance {unknown}
 i - a potion of mutation {unknown}
 j - 2 potions of agility {unknown}
 m - a potion of flight {unknown}
 r - a potion of might {unknown}
Comestibles
 d - 3 rations


   Skills:
 - Level 1.1 Short Blades
 - Level 3.0 Dodging
 - Level 4.4 Stealth
 + Level 5.0 Spellcasting
 - Level 5.0 Hexes


You had 10 spell levels left.
You knew the following spells:

 Your Spells              Type           Power        Failure   Level  Hunger
a - Corona                Hex            ###....      1%          1    None
b - Ensorcelled Hibernat  Hex/Ice        ##....       8%          2    #......

Your spell library contained the following spells:

 Spells                   Type           Power        Failure   Level  Hunger
 Confuse                  Hex            ###.....     5%          3    ###....
 Tukima's Dance           Hex            ###.....     5%          3    ###....
 Dazzling Spray           Conj/Hex       ##....       16%         3    ###....


Dungeon Overview and Level Annotations

Branches:
Dungeon (3/15)

Altars:
Makhleb


Innate Abilities, Weirdness & Mutations

You are very small and have problems with some larger weapons.
You are too small for most types of armour.
You have supernaturally acute eyesight. (SInv)
You are a herbivore.
You cover ground extremely quickly.
You need to consume almost no food.


Message History

You hit the big kobold but do no damage.
The big kobold is almost dead.
The big kobold closely misses you.
Your magical contamination has completely faded away.
You hit the big kobold but do no damage.
The big kobold is almost dead.
The big kobold misses you.
You hit the big kobold.
The big kobold is almost dead.
The big kobold misses you.
You hit the big kobold but do no damage.
The big kobold is almost dead.
The big kobold closely misses you.
You closely miss the big kobold.
The big kobold is almost dead.
The big kobold hits you but does no damage.
You closely miss the big kobold.
The big kobold is almost dead.
The big kobold hits you.
You die...

##### ##### ##..∩# ## #####
#@K÷#####..######.
#########...######)..##..#####...
.#..##.....†..#####.......##.....
.)..#...........##...............
.†(.'................(.((........
....#..≈.≈≈......................
.#..#≈≈≈≈≈≈≈.≈≈≈≈≈≈≈..........≈≈≈
#####≈≈≈≈≈≈≈≈≈≈≈≈≈≈≈≈...†...≈.≈.≈
≈≈≈≈≈≈≈≈≈≈≈≈≈≈≈≈≈≈≈≈†≈.≈..≈≈≈≈


You could see a big kobold.

Vanquished Creatures
  3 adders
  A river rat (Sewer)
  A worm (D:2)
  A leopard gecko (D:3)
  5 bats
  5 giant cockroaches
  3 goblins
  6 hobgoblins
  13 kobolds
  A quokka (D:2)
  5 ball pythons
  4 frilled lizards
  26 rats
74 creatures vanquished.

Notes
Turn   | Place    | Note
-------+----------+-------------------------------------------
     0 | D:1      | MrOobling the Spriggan Enchanter began the quest for the
                  | Orb.
     0 | D:1      | Reached XP level 1. HP: 9/9 MP: 5/5
   540 | D:1      | Reached XP level 2. HP: 13/13 MP: 7/7
   544 | D:1      | Learned a level 2 spell: Ensorcelled Hibernation
  1307 | D:2      | Reached XP level 3. HP: 15/16 MP: 6/9
  1703 | D:2      | Found a burning altar of Makhleb.
  2480 | D:3      | Found a glowing drain.
  2502 | Sewer    | Entered a sewer
  2852 | Sewer    | Reached XP level 4. HP: 21/21 MP: 11/11
  2932 | Sewer    | Reached skill level 5 in Hexes
  3234 | Sewer    | Noticed a big kobold
  3281 | Sewer    | Reached skill level 5 in Spellcasting
  3383 | Sewer    | Slain by a big kobold

Levels and vault maps discovered:
D:1:      lemuel_arrival_lava_pool, layout_loops_ring, minmay_statues_item,
          st_stairs_4
D:2:      layout_loops_corners, nicolae_overflow_crystal_walls
D:3:      layout_basic, portal_sewer_entry_b, first_ration,
          serial_bayou_lagoon_b
Sewer:    sewer_minmay_treatment

Skill      XL: |  1  2  3  4 |
---------------+-------------+-----
Spellcasting   | 3 4 5 |  5.0
Hexes          | 4 5 |  5.0
Short Blades   | |  1.1
Dodging        | |  3.0
Stealth        | |  4.4

Action                   |  1- 3 |  4- 6 || total
-------------------------+-------+-------++-------
Melee: Dagger            |   125 |    77 ||   202
 Cast: Ensorcelled Hiber |    33 |    12 ||    45
  Use: Scroll            |     6 |       ||     6
 Stab: Sleeping          |    33 |     7 ||    40
  Eat: Ration            |     1 |       ||     1
Armor: Robe              |    17 |     6 ||    23
Dodge: Dodged            |   102 |    45 ||   147

Table legend:
 A = Non-vault XP
 B = Vault XP
 C = Vault XP percentage of total XP
 D = Non-vault monster count
 E = Vault monster count
 F = Vault count percentage of total count
                 A         B        C        D         E       F
            +---------+---------+-------+---------+---------+-------
      Total |      75 |      83 |  52.5 |      34 |      40 |  54.1
            +---------+---------+-------+---------+---------+-------
        D:1 |      28 |       3 |   9.7 |      17 |       2 |  10.5
        D:2 |      40 |       0 |   0.0 |      14 |       0 |   0.0
        D:3 |       7 |       5 |  41.7 |       3 |       3 |  50.0
      Sewer |       0 |      75 | 100.0 |       0 |      35 | 100.0
            +---------+---------+-------+---------+---------+-------
